 Dungeon Crawl Stone Soup version 5.5-119-g78d285b (webtiles) character file.

15 Hausser the Basher (level 10, -11/77 HPs) *CASUAL*
             Began as a Mountain Dwarf Fighter on June 6, 2018.
             Was an Initiate of Wu Jian.
             Killed from afar by an electric eel (14 damage)
             ... with a bolt of electricity
             ... on level 7 of the Dungeon.
             The game lasted 00:15:25 (5841 turns).

Hausser the Basher (Mountain Dwarf Fighter)         Turns: 5841, Time: 00:15:25

Health: -11/77     AC: 13 (24%)Str: 23  XL:     10   Next: 31%
Magic:  13/13      EV: 11    Int:  8    God:    Wu Jian [0*[16]]
Gold:   417        SH: 11    Dex: 10    Spells: 14/14 levels left

rFire    . . .     SeeInvis .   w - +0 war axe (devast)
rCold    . . .     Faith    .   c - +0 shield
rNeg     + . .     Spirit   .   t - +3 ring mail {rN+}
rPois    .         Reflect  .   (no helmet)
rElec    .         Clarity  +   a - +1 cloak
rCorr    +                      h - +0 pair of gloves
MR       .....                  (no boots)
Stlth    ..........             (no amulet)
Regen    0.3/turn               l - ring of resist corrosion
MPRegen  0.2/turn               (no ring)

@: no status effects
A: clarity, wild magic 1, sturdy frame
a: Renounce Religion


You were on level 7 of the Dungeon.
You worshipped Wu Jian.
Wu Jian was noncommittal.
You were not hungry.

You visited 1 branch of the dungeon, and saw 7 of its levels.

You collected 417 gold pieces.

Inventory:

Hand Weapons
 i - a +2 mace of chaos
 w - a +0 war axe of devastation (weapon)
Missiles
 m - 197 poisoned darts (quivered)
Armour
 a - a +1 cloak (worn)
 c - a +0 shield (worn)
 h - a +0 pair of gloves (worn)
 t - a +3 ring mail of positive energy (worn)
Jewellery
 l - a ring of resist corrosion (left hand)
 r - an uncursed amulet of faith
Wands
 n - a wand of flame (8)
Scrolls
 b - a scroll of silence
 e - 2 scrolls of enchant weapon
 f - 6 scrolls of teleportation
 j - 3 scrolls of magic mapping
 p - 2 scrolls of fog
 q - 3 scrolls of amnesia
 u - a scroll of fear
 v - a scroll of blinking
Potions
 d - 3 potions of augmentation
 g - 2 potions of haste
 k - a potion of mutation
 o - a potion of cancellation
 s - 2 potions of heal wounds
 x - a potion of ambrosia


   Skills:
 * Level 6.4 Fighting
 + Level 3.2(6.9) Axes
 * Level 8.7(9.0) Maces & Staves
 * Level 3.4 Throwing
 * Level 6.9 Armour
 * Level 3.6 Dodging
 * Level 8.1 Shields
 * Level 4.4 Evocations


You had 14 spell levels left.
You didn't know any spells.
Your spell library was empty.

Dungeon Overview and Level Annotations

Branches:
Dungeon (7/15)

Altars:
Cheibriados
Elyvilon
Gozag
Jiyva
Kikubaaqudgha
Makhleb
Nemelex Xobeh
Ru
Trog
Uskayaw
Vehumet
Wu Jian
Xom
Yredelemnul
Zin
The Shining One


Innate Abilities, Weirdness & Mutations

Your spells are a little harder to cast, but a little more powerful.
Your movements are less encumbered by armour. (ER -6)
You possess an exceptional clarity of mind.


Message History

The bolt of electricity hits you!
That hurt (12)!
The electric eel constricts you (3).
The electric eel shoots out a bolt of lightning at you!
The bolt of electricity hits you!
That hurt (3)!
The electric eel constricts you (7)!
You escape the electric eel's grasp.
The electric eel shoots out a bolt of lightning at you!
The bolt of electricity hits you!
That hurt (10)!
* * * LOW HITPOINT WARNING * * *
The electric eel shoots out a bolt of lightning at you!
The bolt of electricity hits you!
That hurt (5)!
* * * LOW HITPOINT WARNING * * *
The electric eel shoots out a bolt of lightning at you!
The bolt of electricity hits you!
That hurt (11)!
* * * LOW HITPOINT WARNING * * *
The electric eel shoots out a bolt of lightning at you!
The bolt of electricity hits you!
That hurt (3)!
* * * LOW HITPOINT WARNING * * *
The bolt of electricity hits you!
That hurt (14)!
You die... #..#.......#.####.# #......_.....#..... #..#.......#.#.#### # #..#.......#.#.##.. ...###..##.....##.#.#... ♣......####.####...#... ≈ ≈≈≈###..................
P≈P

♣♣#.#........#...#...
≈≈≈≈≈♣≈♣;@.#########..#...
P≈PPP≈≈≈##.# #..##..
≈≈≈≈≈≈≈≈≈#.# ##.####
≈♣P≈≈♣≈≈♣#.# #..... ≈PP≈
≈≈♣≈#.# #.#### ≈≈≈ ≈≈≈
≈#.# #. ≈≈ ≈≈≈≈ ≈≈.# ≈
≈≈≈≈P ♣≈.. ≈≈≈≈≈≈ ♣# ####


You could see an electric eel.

Vanquished Creatures
  Edmund (D:5)
  Duvessa (D:7)
  A black bear (D:5)
  2 ice beasts
  A centaur (D:6)
  A wyvern zombie (D:6)
  Dowan (D:7)
  A water moccasin zombie (D:6)
  A wyvern skeleton (D:6)
  2 scorpions (D:4)
  2 crimson imps (D:5)
  A howler monkey (D:5)
  6 jellies
  5 orc priests
  A gnoll shaman (D:6)
  3 hounds
  4 orc wizards
  A centaur skeleton (D:4)
  9 worker ants
  2 iguanas
  8 gnolls
  6 adders
  A shadow imp (D:6)
  An ooze (D:2)
  12 orcs
  10 quokkas
  5 bats
  8 giant cockroaches
  5 goblins
  8 hobgoblins
  6 jackals
  8 kobolds
  7 frilled lizards
  A jackal skeleton (D:5)
  8 rats
140 creatures vanquished.

Notes
Turn   | Place    | Note
-------+----------+-------------------------------------------
     0 | D:1      | Hausser the Mountain Dwarf Fighter began the quest for the Orb.
     0 | D:1      | Reached XP level 1. HP: 18/18 MP: 2/2
    49 | D:1      | Reached XP level 2. HP: 23/25 MP: 3/3
   164 | D:1      | Reached XP level 3. HP: 27/30 MP: 4/4
   660 | D:2      | Found a burning altar of Makhleb.
   668 | D:2      | Reached skill level 1 in Dodging
   668 | D:2      | Reached XP level 4. HP: 33/37 MP: 6/6
   712 | D:2      | Found a shimmering altar of Xom.
   713 | D:2      | Found a shimmering altar of Xom.
   713 | D:2      | Found a shimmering altar of Xom.
   714 | D:2      | Found a shimmering altar of Xom.
   714 | D:2      | Found a faded altar of an unknown god.
   714 | D:2      | Found a shimmering altar of Xom.
   715 | D:2      | Found a shimmering altar of Xom.
   715 | D:2      | Found a burning altar of Makhleb.
   716 | D:2      | Found a viscous altar of Jiyva.
   779 | D:2      | Reached skill level 1 in Evocations
   806 | D:2      | Found a glowing golden altar of the Shining One.
   904 | D:2      | Reached XP level 5. HP: 25/42 MP: 7/7
   908 | D:2      | Reached skill level 1 in Maces & Staves
  1011 | D:2      | Found a snail-covered altar of Cheibriados.
  1059 | D:2      | Found a sparkling altar of Nemelex Xobeh.
  1606 | D:3      | Reached skill level 5 in Shields
  1618 | D:3      | Gained mutation: Your spells are a little harder to cast, but a little more powerful. [Mountain Dwarf growth]
  1618 | D:3      | Reached XP level 6. HP: 43/48 MP: 8/8
  2285 | D:4      | Reached skill level 1 in Throwing
  2285 | D:4      | Reached XP level 7. HP: 39/55 MP: 10/10
  2678 | D:4      | Reached skill level 5 in Armour
  2679 | D:4      | Found an opulent altar of Gozag.
  2713 | D:4      | Reached XP level 8. HP: 53/61 MP: 11/11
  2825 | D:4      | Found a viscous altar of Jiyva.
  3006 | D:4      | Found a radiant altar of Vehumet.
  3023 | D:4      | Reached skill level 5 in Maces & Staves
  3053 | D:4      | Reached skill level 5 in Fighting
  3069 | D:4      | Found a shimmering altar of Xom.
  3378 | D:5      | Entered Level 5 of the Dungeon
  3620 | D:5      | Noticed Edmund
  3632 | D:5      | Killed Edmund
  3632 | D:5      | Reached XP level 9. HP: 63/68 MP: 12/12
  3658 | D:5      | Found a basalt altar of Yredelemnul.
  3758 | D:5      | Found a sacrificial altar of Ru.
  4515 | D:5      | Gained mutation: You possess an exceptional clarity of mind. [mutagenic hatch]
  5049 | D:6      | Found an ancient bone altar of Kikubaaqudgha.
  5079 | D:6      | Reached XP level 10. HP: 49/76 MP: 13/13
  5098 | D:6      | Found a glowing silver altar of Zin.
  5606 | D:7      | Found an opulent altar of Gozag.
  5606 | D:7      | Found an ornate altar of the Wu Jian Council.
  5609 | D:7      | Became a worshipper of the Wu Jian Council
  5668 | D:7      | Found a bloodstained altar of Trog.
  5701 | D:7      | Noticed Duvessa
  5701 | D:7      | Noticed Dowan
  5730 | D:7      | Killed Duvessa
  5740 | D:7      | Killed Dowan
  5771 | D:7      | Found a hide-covered altar of Uskayaw.
  5783 | D:7      | Found a white marble altar of Elyvilon.
  5841 | D:7      | HP: 3/77 [electric eel/bolt of electricity (3)]
  5841 | D:7      | Killed from afar by an electric eel

Skill      XL: |  1  2  3  4  5  6  7  8  9 10 |
---------------+-------------------------------+-----
Shields        | 4 5 6 7 8 |  8.1
Fighting       | 4 5 6 |  6.4
Dodging        | 1 2 3 |  3.6
Axes           | 3 |  3.2
Evocations     | 1 2 3 4 |  4.4
Maces & Staves | 1 3 4 6 8 |  8.7
Armour         | 4 5 6 |  6.9
Throwing       | 1 2 3 |  3.4

Action                   |  1- 3 |  4- 6 |  7- 9 | 10-12 || total
-------------------------+-------+-------+-------+-------++-------
Melee: War axe           |    57 |    10 |       |     2 ||    69
       Mace              |       |   131 |   287 |    49 ||   467
Throw: Poisoned dart     |       |       |     4 |       ||     4
Invok: Lunge             |       |       |       |     1 ||     1
  Use: Potion            |       |     1 |     1 |       ||     2
 Stab: Paralysed         |       |     1 |     2 |       ||     3
       Petrifying        |       |       |     2 |       ||     2
       Confused          |       |       |       |     1 ||     1
Armor: Scale mail        |    22 |    77 |    47 |       ||   146
       Ring mail         |       |       |    27 |    20 ||    47
Dodge: Dodged            |    24 |    66 |   117 |    12 ||   219
Block: Shield            |    33 |    92 |   175 |    20 ||   320
